 Dungeon Crawl Stone Soup version 0.31-a0-705-ga145531891 (webtiles) character file.

Game seed: 9103655284372087362

1862 Dirtsage the Grappler (level 8, 0/79 HPs)
             Began as a Troll Shapeshifter on Sept 9, 2023.
             Was a Believer of Uskayaw.
             Slain by an orc warrior
             ... wielding a +0 glaive
              (13 damage)
             ... on level 7 of the Dungeon.
             The game lasted 00:07:24 (5149 turns).

Dirtsage the Grappler (Troll Shapeshifter)          Turns: 5149, Time: 00:07:24

Health: 0/79       AC:  3    Str: 29    XL:     8   Next: 89%
Magic:  7/7        EV:  9    Int:  6    God:    Uskayaw [**....]
Gold:   312        SH:  0    Dex: 11    Spells: 7/7 levels left

rFire   . .          .
                       - Unarmed
rCold   . . .        (no shield)
rNeg    . . .        r - +0 steam dragon scales
rPois   .            (helmet currently unavailable)
rElec   .            (cloak currently unavailable)
rCorr   .            (gloves unavailable)
SInv    +            (boots unavailable)
Will    .....        u - amulet of magic regeneration
Stlth   +            k - +6 ring of strength
HPRegen 1.13/turn    S - ring of see invisible
MPRegen 0.50/turn

%: no passive effects
@: beast-form, corroded
A: beast (slay +3), large, unfitting armour, claws 3, regeneration 1, shaggy fur
1, tough skin 1
a: Begin Untransformation, Renounce Religion, Stomp, Line Pass


You were on level 7 of the Dungeon.
You worshipped Uskayaw.
Uskayaw was noncommittal.
You were a hulking beast.
You visited 2 branches of the dungeon, and saw 8 of its levels.

You collected 312 gold pieces.

Inventory:

Missiles
 q - 2 throwing nets
Armour
 r - +0 steam dragon scales (worn)
Jewellery
 k - a +6 ring of strength (left claw)
 o - a ring of flight
 u - an amulet of magic regeneration (around neck)
 C - a ring of resist corrosion
 D - a ring of fire
 S - a ring of see invisible (right claw)
Talismans
 c - a beast talisman (active)
 d - a flux talisman
Wands
 n - a wand of roots (7)
 s - a wand of flame (17)
 A - a wand of polymorph (4)
Scrolls
 a - a scroll of revelation {unknown}
 e - 6 scrolls of teleportation {unknown}
 g - a scroll of enchant armour
 h - a scroll of poison
 i - a scroll of identify
 l - 3 scrolls of vulnerability
 t - 2 scrolls of amnesia
 v - a scroll of immolation {unknown}
 x - a scroll of silence {unknown}
Potions
 b - a potion of lignification
 f - 2 potions of heal wounds {unknown}
 j - a potion of magic {unknown}
 m - a potion of mutation {unknown}
 p - 2 potions of curing {unknown}
 w - a potion of invisibility {unknown}
 z - 2 potions of brilliance {unknown}
 B - a potion of enlightenment {unknown}
 E - 3 potions of resistance {unknown}


   Skills:
 + Level 4.7 Fighting
 - Level 1.5 Dodging
 * Level 8.8 Unarmed Combat
 + Level 6.0 Shapeshifting


You had 7 spell levels left.
You didn't know any spells.
Your spell library contained the following spells:

 Spells                   Type           Power      Damage    Failure   Level
 Apportation              Tloc           0%         N/A       45%         1
 Freeze                   Ice            0%         1d3       45%         1
 Necrotise                Necr           0%         1d4       45%         1
 Summon Small Mammal      Summ           0%         N/A       45%         1
 Hailstorm                Conj/Ice       0%         3d3       83%         3
 Simulacrum               Ice/Necr       0%         N/A       100%        6


Dungeon Overview and Level Annotations

Branches:
Dungeon (7/15)             Temple (1/1) D:6

Altars:
Ashenzari
Cheibriados
Elyvilon
Hepliaklqana
Kikubaaqudgha
Makhleb
Nemelex Xobeh
Okawaru
Ru
Sif Muna
Uskayaw
Vehumet
Wu Jian
Xom
Yredelemnul
Zin
The Shining One


Innate Abilities, Weirdness & Mutations

You are a hulking beast.
Your limbs bulge with bestial killing power. (Slay +3)
You are too large for most types of armour.
You have claws for hands.
Your natural rate of healing is unusually fast.
You are covered in fur. (AC +1)
You have tough skin. (AC +1)


Message History

There is an open door here.
You open the door.
There is an open door here.
You open the door.
There is an open door here.
You open the door.
There is an open door here.
You hear the steady creaking of a portcullis nearby.
A jelly comes into view.
The jelly quivers.
An orc warrior and an orc come into view.
You scratch the jelly. The acid corrodes you!
Your claws burn!
You claw the jelly!
You kill the jelly!
You barely miss the orc. The orc barely misses you.
The orc warrior hits you from afar with a +0 glaive!
You take 8 damage, and have 71/79 hp.
You barely miss the orc. The orc hits you but does no damage.
The orc warrior hits you from afar with a +0 glaive!
You take 6 damage, and have 65/79 hp.
You barely miss the orc. The orc hits you with a +0 club.
The orc warrior hits you from afar with a +0 glaive!!
You take 22 damage, and have 43/79 hp.
MASSIVE DAMAGE!!
You scratch the orc.
The orc is lightly wounded.
The orc hits you but does no damage.
The orc warrior hits you from afar with a +0 glaive!
You take 15 damage, and have 28/79 hp.
You mangle the orc!!
You kill the orc!
You can now pass through a line of other dancers.
The orc warrior hits you with a +0 glaive!!
* * * LOW HITPOINT WARNING * * *
Things that are here:
a +0 club; an orc corpse You take 17 damage, and have 12/79 hp.
MASSIVE DAMAGE!!
You scratch the orc warrior.
The orc warrior is lightly wounded.
The orc warrior hits you with a +0 glaive!
You die...

###### #.##.....#...#
########.######.#...#
.........# ##.....#
##.###...#####....#.#
#...'......#.#.#
#...####...#.#.#
#+### #.#.#.#.#
#.#.#...# #.#h#####
#.#.o......
#.#......#.
..#.##...# ..... ...#
#.# ..# #.# .# #+# .#


You could see an orc warrior.

Vanquished Creatures
  2 steam dragons
  2 water moccasins (D:7)
  2 ice beasts
  3 ogres (D:5)
  3 phantoms
  2 scorpions
  2 jellies
  2 hounds
  An orc priest (D:4)
  4 iguanas
  A gnoll bouda (D:6)
  Jessica (D:3)
  Natasha (thrice) (D:3)
  An orc wizard (D:6)
  9 adders
  A shadow imp (D:7)
  A white imp (D:3)
  An ufetubus (D:7)
  A worm (D:4)
  A dart slug (D:1)
  7 orcs
  7 ball pythons
  6 endoplasms
  6 giant cockroaches
  5 goblins
  7 hobgoblins
  12 jackals
  10 kobolds
  3 quokkas
  6 bats
  7 frilled lizards
  5 rats
124 creatures vanquished.

Notes
Turn   | Place    | Note
-------+----------+-------------------------------------------
     0 | D:1      | Dirtsage the Troll Shapeshifter began the quest for the
                  | Orb.
     0 | D:1      | Reached XP level 1. HP: 18/18 MP: 0/0
    89 | D:1      | Reached skill level 1 in Fighting
   175 | D:1      | Reached XP level 2. HP: 27/27 MP: 1/1
   822 | D:2      | Reached XP level 3. HP: 25/33 MP: 2/2
  1441 | D:3      | Reached skill level 4 in Unarmed Combat
  1521 | D:3      | Found a broken altar of Ashenzari.
  1588 | D:3      | Found a glowing golden altar of the Shining One.
  1602 | D:3      | Reached XP level 4. HP: 16/41 MP: 3/3
  1805 | D:3      | Noticed a phantom
  1809 | D:3      | Killed a phantom
  1810 | D:3      | Reached XP level 5. HP: 47/49 MP: 4/4
  1898 | D:3      | Noticed Jessica
  1907 | D:3      | Killed Jessica
  1909 | D:3      | Found a shimmering blue altar of Sif Muna.
  2025 | D:3      | Noticed Natasha
  2031 | D:3      | Killed Natasha
  2032 | D:3      | Reached skill level 5 in Unarmed Combat
  2107 | D:3      | Noticed Natasha
  2114 | D:3      | Killed Natasha
  2178 | D:3      | Noticed Natasha
  2189 | D:3      | Killed Natasha
  2239 | D:4      | Reached XP level 6. HP: 55/59 MP: 5/5
  3089 | D:5      | Entered Level 5 of the Dungeon
  3089 | D:5      | Found a basalt altar of Yredelemnul.
  3124 | D:5      | Reached skill level 6 in Unarmed Combat
  3124 | D:5      | Reached XP level 7. HP: 67/67 MP: 6/6
  3329 | D:5      | Found a shimmering altar of Xom.
  3594 | D:5      | Found a radiant altar of Vehumet.
  3664 | D:5      | Reached skill level 7 in Unarmed Combat
  3664 | D:5      | Reached skill level 5 in Shapeshifting
  3958 | D:6      | Noticed a steam dragon
  3973 | D:6      | Killed a steam dragon
  3974 | D:6      | Reached XP level 8. HP: 6/78 MP: 7/7
  4085 | D:6      | Found a staircase to the Ecumenical Temple.
  4097 | Temple   | Entered the Ecumenical Temple
  4108 | Temple   | Became a worshipper of Uskayaw the Reveller
  4162 | D:6      | Reached * piety under Uskayaw
  4166 | D:6      | Reached ** piety under Uskayaw
  4203 | D:6      | Got the Spellbook of Freezing
  4591 | D:6      | Reached skill level 8 in Unarmed Combat
  4806 | D:7      | Reached *** piety under Uskayaw
  5149 | D:7      | Slain by an orc warrior

Illustrated notes

Levels and vault maps discovered:
D:1:      dpeg_arrival_prison, layout_basic
D:2:      layout_rooms, minmay_misc_feat_encased, hex_intersection, minmay_puff
D:3:      minmay_wonky_spiral, layout_basic, tso_oasis_becter,
          ashenzari_conservatory_becter, tgw_sif, uniq_natasha
D:4:      layout_basic
D:5:      layout_basic, nicolae_vehumet_radiance, old_standard_altar,
          mainiacjoe_overflow_concentric_impassable, kennysheep_donut
D:6:      layout_basic, minmay_temple_entry_junction_2, st_stairs_3
D:7:      layout_basic, mainiacjoe_overflow_six_doors_small, enter_bailey_3
Temple:   jpeg_temple_clearing

Skill      XL: |  1  2  3  4  5  6  7  8 |
---------------+-------------------------+-----
Fighting       | 1 2 3 4 |  4.7
Unarmed Combat | 4 5 6 7 8 |  8.8
Shapeshifting  | 4 5 6 |  6.0
Dodging        | |  1.5

Action                     |  1- 3 |  4- 6 |  7- 9 || total
---------------------------+-------+-------+-------++-------
  Melee: Unarmed           |   118 |    97 |    94 ||   309
         Punch             |     1 |     2 |     4 ||     7
    Use: Scroll            |       |     5 |     1 ||     6
   Stab: Sleeping          |     1 |       |       ||     1
 Armour: Animal skin       |    72 |    69 |    50 ||   191
         Steam dragon scal |       |       |    15 ||    15
  Dodge: Dodged            |    55 |    36 |    41 ||   132

Table legend: (Time is in decaauts)
 A = Elapsed time spent in this place.
 B = Non-inter-level travel time spent in this place.
 C = Inter-level travel time spent in this place.
 D = Time resting spent in this place.
 E = Time spent auto-exploring this place.
 F = Levels seen in this place.
 G = Mean time per level.
                   A        B        C        D        E       F      G
               +--------+--------+--------+--------+--------+-----+--------+
         Total |   5116 |   4994 |    122 |      0 |   4111 |   8 |  639.5 |
       Dungeon |   5096 |   4982 |    114 |      0 |   4111 |   7 |  728.0 |
        Temple |     20 |     12 |      8 |      0 |      0 |   1 |   20.0 |
               +--------+--------+--------+--------+--------+-----+--------+

Top non-repeatable levels by time:
     D:6: 888 daAuts
     D:4: 885 daAuts
     D:3: 818 daAuts
     D:5: 763 daAuts
     D:1: 759 daAuts
     D:2: 606 daAuts
     D:7: 374 daAuts
  Temple: 20 daAuts
